[ AOE2 MATCH · #505661921 ]
UnrankedBurmese vs Vietnamese
[ REPLAY ANALYSIS · EXTRACTED FROM THE RECORDED GAME ]
Feudal
10:50
Castle
26:32
Imperial
31:46
| APM avg | 41.1 |
| APM peak | 102 |
| eAPM avg | 30.5 |
| Villagers / military | 136 / 338 |
Focus
⚔️ 48.5% · 🌾 51.5%
Scout Cavalry ×279 · Knight ×41 · Fishing Ship ×25 · Trebuchet (Packed) ×13 · Militia ×3 · Mangonel ×2
Feudal
11:38
Castle
17:58
Imperial
31:23
| APM avg | 27.5 |
| APM peak | 58 |
| eAPM avg | 19.3 |
| Villagers / military | 205 / 239 |
Focus
⚔️ 37.2% · 🌾 62.8%
Spearman ×147 · Rattan Archer ×50 · Mangonel ×19 · Bombard Cannon ×19 · Trade Cart ×9 · Fishing Ship ×7
Feudal
10:06
Castle
15:16
Imperial
28:00
| APM avg | 42.3 |
| APM peak | 85 |
| eAPM avg | 27.4 |
| Villagers / military | 175 / 252 |
Focus
⚔️ 32.2% · 🌾 67.8%
Knight ×127 · Trade Cart ×65 · Hand Cannoneer ×65 · Bombard Cannon ×59 · Monk ×1
Feudal
12:09
Castle
15:31
Imperial
30:39
| APM avg | 31.8 |
| APM peak | 55 |
| eAPM avg | 24.4 |
| Villagers / military | 167 / 415 |
Focus
⚔️ 25.2% · 🌾 74.8%
War Elephant ×413 · Trade Cart ×60 · Fishing Ship ×41 · Monk ×2
Feudal
12:37
Castle
16:08
Imperial
28:44
| APM avg | 32.4 |
| APM peak | 59 |
| eAPM avg | 23.2 |
| Villagers / military | 187 / 404 |
Focus
⚔️ 50.1% · 🌾 49.9%
Spearman ×331 · Mangonel ×66 · Trade Cart ×20 · Fishing Ship ×11 · Trebuchet (Packed) ×5 · Unknown (2626) ×2
Feudal
9:52
Castle
17:45
Imperial
30:43
| APM avg | 58.6 |
| APM peak | 121 |
| eAPM avg | 39.1 |
| Villagers / military | 148 / 372 |
Focus
⚔️ 34.3% · 🌾 65.7%
Longbowman ×358 · Trade Cart ×69 · Fishing Ship ×15 · Trebuchet (Packed) ×11 · Mangonel ×2 · Monk ×1
Feudal
13:52
Castle
19:12
Imperial
33:38
| APM avg | 24.8 |
| APM peak | 54 |
| eAPM avg | 14.8 |
| Villagers / military | 127 / 212 |
Focus
⚔️ 29.4% · 🌾 70.6%
Knight ×159 · Throwing Axeman ×49 · Trade Cart ×14 · Fishing Ship ×4 · Bombard Cannon ×2 · Monk ×1
Feudal
13:06
Castle
15:47
Imperial
29:14
| APM avg | 39.5 |
| APM peak | 264 |
| eAPM avg | 31.5 |
| Villagers / military | 178 / 525 |
Focus
⚔️ 31.3% · 🌾 68.7%
Spearman ×270 · Scorpion ×202 · Battering Ram ×51 · Fishing Ship ×17 · Trade Cart ×14 · Demolition Raft ×2
Match map
Initial resources + every placement click. Lines = walls · curves = elevation contours. ◆ gold · ⬟ stone · ● berries · ✦ relic · ◌ wall gap
Your base· ✓ Closed at 26:32 · 16t walls · no gate
Yasuo, the Unforgiven's base· ✓ Closed at 17:58 · 30t walls · no gate
Puskas's base· Open — opponent sealed themselves in
TdB.victor2.01's base· ✓ Closed at 15:31 · 0t walls · no gate
3024770's base· Open — opponent sealed themselves in
RiasSei's base· ✓ Closed at 17:45 · 52t walls · no gate
Bear's base· Open — opponent sealed themselves in
Exellence's base· ✓ Closed at 15:47 · 5t walls · no gate
Smoothed initial terrain · ◌ = detected wall gap · hover for details
Inputs per minute
— Bizzy - - Yasuo, the Unforgiven
Build order — Bizzy
First 150 of 575 actions detected
| 0:02 | Create | Villager (Male) |
| 0:02 | Create | Villager (Male) |
| 0:03 | Create | Villager (Male) |
| 0:03 | Create | Villager (Male) |
| 0:04 | Build | House |
| 0:05 | Build | House |
| 1:45 | Create | Villager (Male) |
| 2:25 | Create | Villager (Male) |
| 2:41 | Create | Villager (Male) |
| 2:41 | Create | Villager (Male) |
| 3:11 | Create | Villager (Male) |
| 3:21 | Create | Villager (Male) |
| 3:21 | Create | Villager (Male) |
| 3:25 | Build | Lumber Camp |
| 3:43 | Create | Villager (Male) |
| 3:54 | Build | House |
| 4:00 | Build | House |
| 4:19 | Create | Villager (Male) |
| 4:29 | Create | Villager (Male) |
| 5:07 | Create | Villager (Male) |
| 5:21 | Create | Villager (Male) |
| 5:51 | Create | Villager (Male) |
| 6:00 | Build | House |
| 6:29 | Create | Villager (Male) |
| 6:49 | Build | Barracks |
| 6:54 | Create | Villager (Male) |
| 7:15 | Build | Palisade Wall |
| 7:29 | Create | Villager (Male) |
| 7:42 | Create | Villager (Male) |
| 7:59 | Research | Loom |
| 8:40 | Research | Feudal Age |
| 8:40 | Research | Feudal Age |
| 8:48 | Build | Mining Camp |
| 9:03 | Create | Militia |
| 9:08 | Build | House |
| 9:25 | Create | Villager (Male) |
| 9:26 | Create | Militia |
| 9:40 | Create | Militia |
| 9:51 | Create | Villager (Male) |
| 10:08 | Create | Villager (Male) |
| 10:33 | Create | Villager (Male) |
| 10:45 | Build | Dock |
| 10:50 | Age | Feudal Age |
| 10:56 | Build | Watch Tower |
| 11:09 | Create | Villager (Male) |
| 11:32 | Build | House |
| 11:42 | Build | Mining Camp |
| 12:04 | Research | Man-at-Arms (upgrade) |
| 12:05 | Create | Villager (Male) |
| 12:39 | Create | Villager (Male) |
| 13:07 | Build | Lumber Camp |
| 13:12 | Create | Villager (Male) |
| 13:28 | Create | Villager (Male) |
| 13:42 | Create | Fishing Ship |
| 13:42 | Create | Fishing Ship |
| 13:42 | Create | Trade Cog |
| 13:43 | Create | Fishing Ship |
| 13:50 | Build | Mill |
| 13:59 | Build | House |
| 14:08 | Build | Watch Tower |
| 14:10 | Create | Villager (Male) |
| 14:18 | Create | Villager (Male) |
| 14:24 | Create | Fishing Ship |
| 14:31 | Build | House |
| 14:31 | Build | House |
| 14:55 | Build | House |
| 15:09 | Create | Fishing Ship |
| 15:09 | Create | Villager (Male) |
| 15:10 | Create | Villager (Male) |
| 15:50 | Create | Villager (Male) |
| 15:54 | Create | Villager (Male) |
| 15:55 | Create | Fishing Ship |
| 16:09 | Build | Watch Tower |
| 16:12 | Create | Villager (Male) |
| 16:20 | Create | Villager (Male) |
| 16:47 | Build | Watch Tower |
| 16:48 | Create | Villager (Male) |
| 16:52 | Build | Blacksmith |
| 17:01 | Build | Fish Trap |
| 17:22 | Create | Villager (Male) |
| 17:29 | Create | Fishing Ship |
| 17:36 | Research | Fletching |
| 18:11 | Create | Villager (Male) |
| 18:20 | Create | Fishing Ship |
| 18:35 | Build | House |
| 18:46 | Create | Villager (Male) |
| 18:53 | Build | Fish Trap |
| 19:11 | Create | Villager (Male) |
| 19:26 | Create | Villager (Male) |
| 19:37 | Research | Man-at-Arms (upgrade) |
| 19:39 | Create | Villager (Male) |
| 19:43 | Create | Villager (Male) |
| 20:06 | Build | Watch Tower |
| 20:21 | Build | Fish Trap |
| 20:24 | Build | Fish Trap |
| 20:27 | Build | Fish Trap |
| 20:28 | Build | House |
| 20:39 | Create | Villager (Male) |
| 20:58 | Create | Villager (Male) |
| 21:06 | Create | Villager (Male) |
| 21:17 | Create | Villager (Male) |
| 21:20 | Create | Villager (Male) |
| 21:33 | Create | Villager (Male) |
| 21:34 | Create | Fishing Ship |
| 21:34 | Create | Fishing Ship |
| 21:40 | Build | Market |
| 21:48 | Build | Farm |
| 21:48 | Build | Farm |
| 21:48 | Build | Farm |
| 21:48 | Build | Farm |
| 21:49 | Build | Farm |
| 21:49 | Build | Farm |
| 21:49 | Build | Farm |
| 21:49 | Build | Farm |
| 21:58 | Build | Stone Wall |
| 22:07 | Build | House |
| 22:09 | Build | Fish Trap |
| 22:15 | Build | Fish Trap |
| 22:31 | Build | Lumber Camp |
| 22:41 | Build | Market |
| 22:46 | Build | Fish Trap |
| 23:05 | Build | Stone Wall |
| 23:18 | Build | Stone Wall |
| 23:38 | Create | Villager (Male) |
| 23:40 | Build | Stone Wall |
| 23:46 | Create | Fishing Ship |
| 23:46 | Create | Fishing Ship |
| 23:52 | Research | Castle Age |
| 24:06 | Create | Fishing Ship |
| 24:16 | Build | Dock |
| 24:24 | Build | Farm |
| 24:24 | Build | Farm |
| 24:25 | Build | Farm |
| 24:26 | Build | Farm |
| 24:27 | Build | Farm |
| 24:32 | Research | Horse Collar |
| 24:36 | Build | Fish Trap |
| 24:46 | Research | Tech 906 |
| 25:28 | Create | Fishing Ship |
| 25:29 | Create | Fishing Ship |
| 25:41 | Build | Lumber Camp |
| 25:47 | Create | Fishing Ship |
| 25:49 | Build | House |
| 25:50 | Build | House |
| 25:55 | Build | House |
| 26:04 | Build | Palisade Wall |
| 26:08 | Build | Fish Trap |
| 26:09 | Create | Fishing Ship |
| 26:14 | Build | Fish Trap |
| 26:16 | Build | Fish Trap |
Build order — Yasuo, the Unforgiven
First 150 of 615 actions detected
| 0:03 | Create | Villager (Male) |
| 0:03 | Research | Loom |
| 0:07 | Build | House |
| 0:08 | Create | Villager (Male) |
| 0:09 | Create | Villager (Male) |
| 0:09 | Create | Villager (Male) |
| 0:09 | Create | Villager (Male) |
| 0:16 | Build | Palisade Wall |
| 2:30 | Create | Villager (Male) |
| 2:30 | Create | Villager (Male) |
| 2:55 | Build | Palisade Wall |
| 2:58 | Build | House |
| 3:13 | Create | Villager (Male) |
| 3:14 | Create | Villager (Male) |
| 3:28 | Build | Palisade Wall |
| 3:38 | Build | Lumber Camp |
| 3:53 | Create | Villager (Male) |
| 3:54 | Create | Villager (Male) |
| 4:27 | Create | Villager (Male) |
| 4:28 | Create | Villager (Male) |
| 4:47 | Build | House |
| 4:49 | Create | Villager (Male) |
| 4:49 | Create | Villager (Male) |
| 5:20 | Create | Villager (Male) |
| 5:20 | Create | Villager (Male) |
| 5:20 | Create | Villager (Male) |
| 5:28 | Build | House |
| 5:38 | Create | Villager (Male) |
| 5:38 | Create | Villager (Male) |
| 5:59 | Build | Palisade Wall |
| 6:03 | Create | Villager (Male) |
| 6:03 | Create | Villager (Male) |
| 6:32 | Create | Villager (Male) |
| 6:32 | Create | Villager (Male) |
| 6:32 | Create | Villager (Male) |
| 6:48 | Create | Villager (Male) |
| 6:48 | Create | Villager (Male) |
| 7:15 | Create | Villager (Male) |
| 7:16 | Create | Villager (Male) |
| 7:52 | Create | Villager (Male) |
| 7:58 | Build | Dock |
| 8:52 | Create | Fishing Ship |
| 9:28 | Research | Feudal Age |
| 9:36 | Build | Mining Camp |
| 9:40 | Create | Fishing Ship |
| 9:53 | Build | House |
| 10:11 | Create | Villager (Male) |
| 10:47 | Create | Villager (Male) |
| 11:38 | Age | Feudal Age |
| 11:41 | Research | Double-Bit Axe |
| 11:53 | Build | Blacksmith |
| 11:59 | Build | Mill |
| 12:05 | Build | Blacksmith |
| 12:07 | Create | Villager (Male) |
| 12:08 | Create | Villager (Male) |
| 12:19 | Build | Stone Wall |
| 12:53 | Build | Market |
| 13:50 | Build | Mill |
| 13:53 | Create | Villager (Male) |
| 14:02 | Build | House |
| 14:23 | Build | Outpost |
| 14:34 | Create | Fishing Ship |
| 15:18 | Research | Castle Age |
| 15:18 | Research | Castle Age |
| 15:33 | Create | Fishing Ship |
| 15:38 | Build | House |
| 16:09 | Create | Villager (Male) |
| 16:28 | Research | Gold Mining |
| 16:37 | Research | Tech 906 |
| 16:40 | Build | Fish Trap |
| 16:43 | Build | House |
| 16:46 | Create | Fishing Ship |
| 16:54 | Build | Fish Trap |
| 17:42 | Build | Mining Camp |
| 17:47 | Research | Horse Collar |
| 17:58 | Age | Castle Age |
| 18:05 | Research | Bow Saw |
| 18:27 | Build | Town Center |
| 18:43 | Research | Stone Mining |
| 18:46 | Build | Fish Trap |
| 18:48 | Create | Villager (Male) |
| 18:49 | Create | Villager (Male) |
| 18:49 | Create | Villager (Male) |
| 18:49 | Create | Villager (Male) |
| 19:26 | Create | Fishing Ship |
| 19:52 | Build | Siege Workshop |
| 19:56 | Create | Villager (Male) |
| 19:56 | Create | Villager (Male) |
| 19:56 | Create | Villager (Male) |
| 20:16 | Build | Fish Trap |
| 20:18 | Create | Villager (Male) |
| 20:22 | Build | House |
| 20:36 | Build | Farm |
| 20:52 | Create | Villager (Male) |
| 20:53 | Create | Villager (Male) |
| 20:57 | Build | Fish Trap |
| 21:04 | Build | Fish Trap |
| 21:10 | Build | Farm |
| 21:15 | Create | Villager (Male) |
| 21:15 | Create | Villager (Male) |
| 21:23 | Create | Villager (Male) |
| 21:25 | Build | Farm |
| 21:39 | Build | House |
| 21:45 | Build | House |
| 21:53 | Build | Farm |
| 21:54 | Build | Farm |
| 21:56 | Create | Villager (Male) |
| 21:57 | Build | Farm |
| 21:59 | Create | Villager (Male) |
| 21:59 | Create | Villager (Male) |
| 22:25 | Build | Town Center |
| 22:34 | Create | Villager (Male) |
| 22:34 | Create | Villager (Male) |
| 22:42 | Build | House |
| 22:42 | Build | House |
| 22:43 | Build | House |
| 22:49 | Create | Villager (Male) |
| 22:52 | Create | Villager (Male) |
| 22:58 | Build | Farm |
| 23:09 | Create | Villager (Male) |
| 23:10 | Build | Farm |
| 23:12 | Create | Villager (Male) |
| 23:19 | Create | Fishing Ship |
| 23:26 | Create | Mangonel |
| 23:30 | Build | Farm |
| 23:31 | Create | Villager (Male) |
| 23:44 | Build | Castle |
| 23:47 | Create | Villager (Male) |
| 23:47 | Create | Villager (Male) |
| 23:51 | Build | University |
| 24:01 | Build | Farm |
| 24:02 | Create | Villager (Male) |
| 24:03 | Create | Villager (Male) |
| 24:16 | Create | Villager (Male) |
| 24:24 | Build | Farm |
| 24:31 | Build | Farm |
| 24:32 | Build | Farm |
| 24:39 | Create | Villager (Male) |
| 24:42 | Build | Farm |
| 24:44 | Build | Farm |
| 24:45 | Research | Wheelbarrow |
| 24:58 | Build | Fish Trap |
| 25:03 | Create | Villager (Male) |
| 25:06 | Build | Farm |
| 25:12 | Build | Farm |
| 25:15 | Create | Villager (Male) |
| 25:16 | Create | Villager (Male) |
| 25:19 | Create | Villager (Male) |
| 25:32 | Create | Villager (Male) |
| 25:45 | Build | House |
Build order — Puskas
First 150 of 635 actions detected
| 0:01 | Create | Villager (Male) |
| 0:01 | Create | Villager (Male) |
| 0:01 | Create | Villager (Male) |
| 0:02 | Create | Villager (Male) |
| 0:02 | Create | Villager (Male) |
| 0:03 | Build | House |
| 0:05 | Build | House |
| 1:27 | Create | Villager (Male) |
| 1:27 | Create | Villager (Male) |
| 1:45 | Build | Lumber Camp |
| 1:58 | Create | Villager (Male) |
| 1:58 | Create | Villager (Male) |
| 2:10 | Create | Villager (Male) |
| 2:10 | Create | Villager (Male) |
| 2:43 | Create | Villager (Male) |
| 2:43 | Create | Villager (Male) |
| 2:57 | Create | Villager (Male) |
| 3:28 | Create | Villager (Male) |
| 3:28 | Create | Villager (Male) |
| 3:50 | Build | House |
| 3:57 | Create | Villager (Male) |
| 3:58 | Create | Villager (Male) |
| 4:22 | Create | Villager (Male) |
| 4:22 | Create | Villager (Male) |
| 4:24 | Build | Mill |
| 5:05 | Create | Villager (Male) |
| 5:05 | Create | Villager (Male) |
| 5:14 | Build | House |
| 5:33 | Create | Villager (Male) |
| 5:33 | Create | Villager (Male) |
| 5:33 | Create | Villager (Male) |
| 5:34 | Create | Villager (Male) |
| 5:34 | Create | Villager (Male) |
| 6:23 | Build | Mining Camp |
| 6:33 | Build | Palisade Wall |
| 6:36 | Build | Palisade Wall |
| 6:38 | Build | Palisade Wall |
| 6:40 | Build | Palisade Wall |
| 6:57 | Build | Farm |
| 7:08 | Create | Villager (Male) |
| 7:31 | Build | House |
| 7:35 | Create | Villager (Male) |
| 7:52 | Research | Feudal Age |
| 8:12 | Build | Palisade Wall |
| 8:30 | Build | House |
| 8:43 | Build | Palisade Wall |
| 9:44 | Create | Villager (Male) |
| 9:44 | Create | Villager (Male) |
| 9:57 | Build | Barracks |
| 10:02 | Create | Villager (Male) |
| 10:06 | Age | Feudal Age |
| 10:39 | Create | Villager (Male) |
| 10:48 | Build | Stable |
| 11:03 | Create | Villager (Male) |
| 11:47 | Build | Blacksmith |
| 12:06 | Create | Villager (Male) |
| 12:24 | Research | Castle Age |
| 13:10 | Research | Double-Bit Axe |
| 13:31 | Build | House |
| 13:34 | Research | Horse Collar |
| 14:56 | Create | Villager (Male) |
| 14:56 | Create | Villager (Male) |
| 15:16 | Age | Castle Age |
| 15:18 | Build | Town Center |
| 15:20 | Build | Town Center |
| 15:23 | Build | Monastery |
| 15:26 | Research | Bow Saw |
| 15:38 | Build | Farm |
| 15:39 | Create | Villager (Male) |
| 15:42 | Build | Farm |
| 15:59 | Build | Farm |
| 16:00 | Create | Villager (Male) |
| 16:07 | Create | Villager (Male) |
| 16:07 | Create | Villager (Male) |
| 16:08 | Create | Villager (Male) |
| 16:08 | Create | Villager (Male) |
| 16:08 | Create | Villager (Male) |
| 16:28 | Create | Monk |
| 16:38 | Build | Farm |
| 16:40 | Build | Farm |
| 16:41 | Create | Villager (Male) |
| 16:41 | Create | Villager (Male) |
| 16:49 | Build | Farm |
| 16:53 | Build | Farm |
| 16:57 | Build | Farm |
| 17:10 | Build | Farm |
| 17:14 | Build | House |
| 17:15 | Build | House |
| 17:17 | Create | Villager (Male) |
| 17:17 | Create | Villager (Male) |
| 17:20 | Build | Farm |
| 17:28 | Create | Villager (Male) |
| 17:28 | Create | Villager (Male) |
| 17:35 | Build | Farm |
| 17:40 | Build | Farm |
| 17:41 | Build | Farm |
| 17:43 | Build | Farm |
| 17:44 | Create | Villager (Male) |
| 17:44 | Create | Villager (Male) |
| 17:52 | Build | Farm |
| 18:01 | Create | Villager (Male) |
| 18:07 | Build | Farm |
| 18:08 | Build | Farm |
| 18:12 | Build | Farm |
| 18:13 | Create | Villager (Male) |
| 18:13 | Create | Villager (Male) |
| 18:26 | Create | Villager (Male) |
| 18:26 | Create | Villager (Male) |
| 18:35 | Create | Villager (Male) |
| 18:42 | Build | House |
| 18:45 | Create | Villager (Male) |
| 18:45 | Create | Villager (Male) |
| 18:55 | Create | Villager (Male) |
| 18:55 | Create | Villager (Male) |
| 19:01 | Build | Town Center |
| 19:03 | Create | Villager (Male) |
| 19:03 | Create | Villager (Male) |
| 19:09 | Build | Farm |
| 19:10 | Create | Villager (Male) |
| 19:17 | Create | Villager (Male) |
| 19:17 | Create | Villager (Male) |
| 19:28 | Create | Villager (Male) |
| 19:29 | Create | Villager (Male) |
| 19:32 | Create | Villager (Male) |
| 19:32 | Create | Villager (Male) |
| 19:34 | Create | Villager (Male) |
| 19:43 | Build | Town Center |
| 19:46 | Create | Villager (Male) |
| 19:46 | Create | Villager (Male) |
| 19:56 | Create | Villager (Male) |
| 20:02 | Create | Villager (Male) |
| 20:02 | Create | Villager (Male) |
| 20:06 | Create | Villager (Male) |
| 20:08 | Build | Farm |
| 20:09 | Build | Farm |
| 20:10 | Build | Farm |
| 20:13 | Build | Farm |
| 20:17 | Create | Villager (Male) |
| 20:21 | Build | House |
| 20:23 | Build | House |
| 20:24 | Build | House |
| 20:26 | Create | Villager (Male) |
| 20:33 | Create | Villager (Male) |
| 20:33 | Create | Villager (Male) |
| 20:37 | Build | Farm |
| 20:38 | Create | Villager (Male) |
| 20:38 | Create | Villager (Male) |
| 20:46 | Build | Farm |
| 20:48 | Create | Villager (Male) |
| 20:51 | Build | Farm |
Build order — TdB.victor2.01
First 150 of 545 actions detected
| 0:02 | Create | Villager (Male) |
| 0:03 | Create | Villager (Male) |
| 0:03 | Create | Villager (Male) |
| 0:03 | Create | Villager (Male) |
| 0:04 | Create | Villager (Male) |
| 0:04 | Create | Villager (Male) |
| 0:05 | Build | House |
| 0:07 | Build | House |
| 0:13 | Build | House |
| 1:37 | Create | Villager (Male) |
| 1:37 | Create | Villager (Male) |
| 2:10 | Create | Villager (Male) |
| 2:25 | Create | Villager (Male) |
| 2:25 | Create | Villager (Male) |
| 2:37 | Build | Lumber Camp |
| 2:52 | Create | Villager (Male) |
| 2:52 | Create | Villager (Male) |
| 3:12 | Create | Villager (Male) |
| 3:13 | Create | Villager (Male) |
| 3:38 | Create | Villager (Male) |
| 3:50 | Build | House |
| 3:51 | Build | House |
| 3:55 | Create | Villager (Male) |
| 3:55 | Create | Villager (Male) |
| 4:22 | Create | Villager (Male) |
| 4:22 | Create | Villager (Male) |
| 4:31 | Research | Loom |
| 4:31 | Create | Villager (Male) |
| 4:32 | Create | Villager (Male) |
| 4:32 | Create | Villager (Male) |
| 4:32 | Create | Villager (Male) |
| 4:53 | Build | House |
| 5:09 | Build | Dock |
| 5:12 | Create | Villager (Male) |
| 5:12 | Create | Villager (Male) |
| 5:12 | Create | Villager (Male) |
| 5:21 | Build | House |
| 5:48 | Create | Villager (Male) |
| 6:03 | Create | Fishing Ship |
| 6:03 | Create | Fishing Ship |
| 6:04 | Create | Villager (Male) |
| 6:05 | Create | Villager (Male) |
| 6:28 | Create | Villager (Male) |
| 6:29 | Create | Villager (Male) |
| 6:36 | Create | Fishing Ship |
| 6:36 | Create | Fishing Ship |
| 6:47 | Create | Villager (Male) |
| 6:47 | Create | Villager (Male) |
| 7:05 | Create | Villager (Male) |
| 7:12 | Create | Villager (Male) |
| 7:35 | Create | Villager (Male) |
| 7:40 | Create | Fishing Ship ×2 |
| 7:40 | Create | Fishing Ship ×2 |
| 7:59 | Create | Fishing Ship |
| 7:59 | Create | Fishing Ship |
| 8:09 | Build | House |
| 8:53 | Create | Villager (Male) |
| 9:17 | Create | Villager (Male) |
| 9:51 | Build | Mining Camp |
| 10:05 | Research | Feudal Age |
| 10:05 | Research | Feudal Age |
| 10:05 | Research | Feudal Age |
| 10:58 | Build | Mill |
| 12:09 | Age | Feudal Age |
| 12:13 | Build | Market |
| 12:18 | Build | Blacksmith |
| 12:20 | Create | Villager (Male) |
| 12:21 | Create | Villager (Male) |
| 12:31 | Build | Fish Trap |
| 12:31 | Build | Fish Trap |
| 12:32 | Build | Fish Trap |
| 12:33 | Build | Fish Trap |
| 12:34 | Build | Fish Trap |
| 12:54 | Research | Castle Age |
| 12:54 | Research | Castle Age |
| 13:08 | Build | Fish Trap |
| 13:29 | Build | Fish Trap |
| 13:50 | Build | Fish Trap |
| 13:58 | Create | Fishing Ship |
| 13:59 | Create | Fishing Ship |
| 14:10 | Research | Double-Bit Axe |
| 14:10 | Research | Double-Bit Axe |
| 14:49 | Build | Fish Trap |
| 15:31 | Age | Castle Age |
| 15:42 | Build | Town Center |
| 15:55 | Build | Town Center |
| 15:56 | Create | Villager (Male) |
| 15:57 | Create | Villager (Male) |
| 16:21 | Research | Bow Saw |
| 16:31 | Create | Villager (Male) |
| 16:47 | Build | Dock |
| 17:03 | Create | Villager (Male) |
| 17:03 | Create | Villager (Male) |
| 17:04 | Create | Villager (Male) |
| 17:04 | Create | Villager (Male) |
| 17:04 | Create | Villager (Male) |
| 17:05 | Create | Villager (Male) |
| 17:07 | Create | Villager (Male) ×5 |
| 17:07 | Create | Villager (Male) ×5 |
| 17:07 | Create | Villager (Male) ×5 |
| 17:07 | Create | Villager (Male) ×2 |
| 17:21 | Build | Fish Trap |
| 17:24 | Create | Fishing Ship |
| 17:37 | Create | Villager (Male) |
| 17:37 | Create | Villager (Male) |
| 17:38 | Create | Villager (Male) |
| 17:48 | Create | Fishing Ship |
| 17:49 | Create | Fishing Ship |
| 17:51 | Create | Villager (Male) |
| 17:51 | Create | Villager (Male) |
| 18:15 | Build | House |
| 18:16 | Build | House |
| 18:20 | Build | House |
| 18:21 | Build | House |
| 18:22 | Build | House |
| 18:25 | Create | Villager (Male) |
| 18:25 | Create | Villager (Male) |
| 18:26 | Create | Villager (Male) |
| 18:31 | Research | Wheelbarrow |
| 18:31 | Research | Wheelbarrow |
| 18:31 | Research | Wheelbarrow |
| 18:36 | Build | Fish Trap |
| 18:44 | Build | Fish Trap |
| 18:47 | Create | Fishing Ship |
| 18:50 | Research | Tech 906 |
| 18:51 | Create | Fishing Ship |
| 18:53 | Create | Villager (Male) |
| 19:00 | Build | House |
| 19:04 | Build | House |
| 19:05 | Build | House |
| 19:06 | Build | House |
| 19:06 | Build | House |
| 19:15 | Create | Villager (Male) |
| 19:23 | Build | Fish Trap |
| 19:33 | Build | Fish Trap |
| 19:39 | Create | Villager (Male) |
| 19:40 | Create | Villager (Male) |
| 19:43 | Create | Fishing Ship ×5 |
| 19:44 | Create | Fishing Ship ×5 |
| 19:44 | Create | Fishing Ship ×3 |
| 19:44 | Create | Fishing Ship ×3 |
| 19:49 | Build | Fish Trap |
| 19:59 | Build | Fish Trap |
| 20:09 | Research | Gillnets |
| 20:18 | Build | Fish Trap |
| 20:25 | Build | Fish Trap |
| 20:34 | Create | Villager (Male) |
| 20:35 | Create | Villager (Male) |
| 20:49 | Research | Horse Collar |
| 20:49 | Research | Horse Collar |
Build order — 3024770
First 150 of 707 actions detected
| 0:01 | Create | Villager (Male) |
| 0:03 | Build | House |
| 0:04 | Build | House |
| 0:11 | Create | Villager (Male) |
| 0:22 | Create | Villager (Male) |
| 0:23 | Create | Villager (Male) |
| 1:29 | Create | Villager (Male) |
| 1:30 | Create | Villager (Male) |
| 1:49 | Build | Lumber Camp |
| 2:07 | Create | Villager (Male) |
| 2:07 | Create | Villager (Male) |
| 2:08 | Create | Villager (Male) |
| 2:55 | Create | Villager (Male) |
| 2:55 | Create | Villager (Male) |
| 3:09 | Create | Villager (Male) |
| 3:33 | Build | Palisade Wall |
| 3:37 | Create | Villager (Male) |
| 3:58 | Build | House |
| 4:02 | Create | Villager (Male) |
| 4:02 | Create | Villager (Male) |
| 4:17 | Build | Mill |
| 4:30 | Build | Palisade Wall |
| 4:36 | Create | Villager (Male) |
| 4:37 | Create | Villager (Male) |
| 4:58 | Create | Villager (Male) |
| 5:23 | Create | Villager (Male) |
| 5:46 | Build | Palisade Wall |
| 5:48 | Build | Palisade Wall |
| 5:50 | Create | Villager (Male) |
| 5:51 | Create | Villager (Male) |
| 6:11 | Create | Villager (Male) |
| 6:11 | Create | Villager (Male) |
| 6:14 | Build | House |
| 6:28 | Create | Villager (Male) |
| 6:28 | Create | Villager (Male) |
| 6:30 | Build | House |
| 6:44 | Build | Palisade Wall |
| 6:45 | Build | Palisade Wall |
| 6:46 | Build | Palisade Wall |
| 6:52 | Build | Palisade Wall |
| 6:53 | Build | Palisade Wall |
| 6:56 | Build | Palisade Wall |
| 7:10 | Create | Villager (Male) |
| 7:29 | Create | Villager (Male) |
| 7:42 | Build | Palisade Gate |
| 7:45 | Build | Palisade Wall |
| 7:46 | Create | Villager (Male) |
| 8:03 | Build | Palisade Wall |
| 8:10 | Create | Villager (Male) |
| 8:19 | Build | House |
| 8:26 | Build | Dock |
| 8:30 | Create | Villager (Male) |
| 8:45 | Create | Villager (Male) |
| 9:12 | Create | Fishing Ship |
| 9:13 | Create | Fishing Ship |
| 9:16 | Create | Villager (Male) |
| 9:27 | Create | Villager (Male) |
| 9:45 | Build | Mining Camp |
| 9:58 | Create | Fishing Ship |
| 10:14 | Research | Feudal Age |
| 11:07 | Build | Mining Camp |
| 11:18 | Create | Fishing Ship |
| 12:07 | Create | Villager (Male) |
| 12:37 | Age | Feudal Age |
| 12:38 | Build | Market |
| 12:40 | Build | Blacksmith |
| 12:47 | Build | Stone Wall |
| 12:50 | Build | Stone Wall |
| 12:52 | Build | Outpost |
| 12:56 | Create | Villager (Male) |
| 13:20 | Build | Mining Camp |
| 13:28 | Research | Castle Age |
| 13:42 | Build | House |
| 13:56 | Research | Double-Bit Axe |
| 14:01 | Build | House |
| 15:00 | Create | Villager (Male) |
| 15:34 | Research | Tech 906 |
| 15:40 | Create | Unit 2626 |
| 15:40 | Create | Unit 2626 |
| 16:06 | Create | Villager (Male) |
| 16:08 | Age | Castle Age |
| 16:10 | Build | Town Center |
| 16:13 | Build | Town Center |
| 16:36 | Create | Fishing Ship |
| 16:38 | Create | Fishing Ship |
| 17:21 | Create | Villager (Male) |
| 17:21 | Create | Villager (Male) |
| 17:21 | Create | Villager (Male) |
| 17:24 | Build | Fish Trap |
| 17:29 | Research | Bow Saw |
| 17:31 | Create | Villager (Male) |
| 17:33 | Build | Fish Trap |
| 17:41 | Build | Fish Trap |
| 17:46 | Create | Fishing Ship |
| 17:47 | Create | Villager (Male) |
| 17:51 | Create | Villager (Male) ×4 |
| 17:59 | Build | Fish Trap |
| 18:04 | Build | Fish Trap |
| 18:11 | Build | Fish Trap |
| 18:15 | Create | Villager (Male) |
| 18:15 | Create | Villager (Male) |
| 18:24 | Build | Monastery |
| 18:29 | Create | Fishing Ship |
| 18:29 | Create | Fishing Ship |
| 18:41 | Create | Fire Galley |
| 18:52 | Build | Fish Trap |
| 19:03 | Create | Villager (Male) ×4 |
| 19:03 | Create | Villager (Male) ×4 |
| 19:05 | Build | Farm |
| 19:06 | Build | Farm |
| 19:08 | Build | Farm |
| 19:09 | Build | Farm |
| 19:10 | Build | Farm |
| 19:11 | Build | Farm |
| 19:12 | Build | Farm |
| 19:17 | Create | Villager (Male) |
| 19:20 | Build | Fish Trap |
| 19:24 | Create | Fishing Ship |
| 19:25 | Create | Fishing Ship |
| 19:33 | Build | House |
| 19:37 | Build | House |
| 19:38 | Build | House |
| 19:38 | Build | House |
| 19:44 | Create | Villager (Male) |
| 19:44 | Create | Villager (Male) |
| 19:53 | Create | Villager (Male) |
| 19:57 | Create | Monk |
| 20:01 | Build | Fish Trap |
| 20:09 | Create | Villager (Male) |
| 20:09 | Create | Villager (Male) |
| 20:21 | Build | Mining Camp |
| 20:23 | Build | Lumber Camp |
| 20:26 | Create | Villager (Male) |
| 20:34 | Create | Villager (Male) |
| 20:36 | Build | House |
| 20:37 | Build | House |
| 20:41 | Create | Trade Cog |
| 20:44 | Build | Fish Trap |
| 20:53 | Create | Villager (Male) |
| 20:57 | Research | Horse Collar |
| 21:00 | Build | House |
| 21:01 | Create | Villager (Male) |
| 21:05 | Create | Villager (Male) ×4 |
| 21:05 | Create | Villager (Male) ×4 |
| 21:13 | Build | Farm |
| 21:14 | Build | Farm |
| 21:17 | Build | Farm |
| 21:22 | Create | Villager (Male) |
| 21:22 | Create | Villager (Male) |
| 21:25 | Build | Fish Trap |
Build order — RiasSei
First 150 of 806 actions detected
| 0:00 | Create | Villager (Male) |
| 0:01 | Create | Villager (Male) |
| 0:02 | Build | House |
| 0:03 | Build | House |
| 0:09 | Create | Villager (Male) |
| 0:09 | Create | Villager (Male) |
| 0:10 | Create | Villager (Male) |
| 0:30 | Research | Loom |
| 0:31 | Create | Villager (Male) |
| 0:32 | Create | Villager (Male) |
| 1:25 | Build | Palisade Wall |
| 1:48 | Create | Villager (Male) |
| 1:48 | Create | Villager (Male) |
| 1:48 | Create | Villager (Male) |
| 2:28 | Build | Palisade Wall |
| 2:30 | Create | Villager (Male) |
| 2:30 | Create | Villager (Male) |
| 2:36 | Build | Lumber Camp |
| 2:51 | Create | Villager (Male) |
| 3:14 | Create | Villager (Male) |
| 3:44 | Create | Villager (Male) |
| 3:47 | Build | Palisade Wall |
| 3:56 | Build | House |
| 4:04 | Create | Villager (Male) |
| 4:04 | Create | Villager (Male) |
| 4:21 | Create | Villager (Male) |
| 4:47 | Create | Villager (Male) |
| 4:47 | Create | Villager (Male) |
| 5:15 | Create | Villager (Male) |
| 5:15 | Create | Villager (Male) |
| 5:55 | Build | House |
| 5:58 | Create | Villager (Male) |
| 5:59 | Create | Villager (Male) |
| 6:45 | Build | Mill |
| 7:07 | Create | Villager (Male) |
| 7:42 | Research | Feudal Age |
| 7:42 | Research | Feudal Age |
| 7:49 | Build | Lumber Camp |
| 8:09 | Build | House |
| 8:55 | Create | Villager (Male) |
| 9:16 | Create | Villager (Male) |
| 9:36 | Build | Dock |
| 9:52 | Age | Feudal Age |
| 9:55 | Build | Stone Wall |
| 9:57 | Build | Stone Wall |
| 10:00 | Create | Villager (Male) |
| 10:01 | Research | Double-Bit Axe |
| 10:03 | Research | Horse Collar |
| 10:28 | Create | Fishing Ship |
| 10:38 | Create | Villager (Male) |
| 10:49 | Create | Fishing Ship |
| 11:07 | Create | Villager (Male) |
| 11:11 | Create | Fishing Ship |
| 11:35 | Build | Stone Wall |
| 11:49 | Build | Watch Tower |
| 11:55 | Create | Villager (Male) |
| 11:57 | Create | Fishing Ship |
| 12:01 | Build | Market |
| 12:21 | Create | Villager (Male) |
| 12:35 | Build | House |
| 12:39 | Create | Villager (Male) |
| 12:43 | Build | Mining Camp |
| 13:04 | Build | Mining Camp |
| 13:05 | Create | Villager (Male) |
| 13:23 | Create | Villager (Male) |
| 13:35 | Build | Mining Camp |
| 13:39 | Build | House |
| 14:01 | Create | Villager (Male) |
| 14:11 | Build | Blacksmith |
| 14:20 | Create | Villager (Male) |
| 14:30 | Build | Stone Wall |
| 14:34 | Build | Stone Wall |
| 14:43 | Create | Fishing Ship |
| 14:58 | Research | Castle Age |
| 14:58 | Research | Castle Age |
| 15:26 | Create | Fishing Ship |
| 15:35 | Research | Fletching |
| 15:35 | Research | Fletching |
| 15:45 | Build | House |
| 15:52 | Create | Villager (Male) |
| 16:17 | Create | Fishing Ship |
| 16:18 | Research | Tech 906 |
| 16:19 | Research | Tech 906 |
| 16:35 | Build | Fish Trap |
| 16:40 | Build | Fish Trap |
| 16:57 | Build | Stone Wall |
| 17:03 | Build | Stone Wall |
| 17:16 | Create | Villager (Male) |
| 17:34 | Create | Fishing Ship |
| 17:45 | Age | Castle Age |
| 17:48 | Build | Town Center |
| 17:54 | Create | Villager (Male) |
| 17:58 | Build | Town Center |
| 18:01 | Research | Bow Saw |
| 18:01 | Research | Bow Saw |
| 18:09 | Create | Villager (Male) |
| 18:13 | Create | Fishing Ship |
| 18:20 | Create | Villager (Male) |
| 18:27 | Build | Fish Trap |
| 18:40 | Build | Fish Trap |
| 18:43 | Build | Fish Trap |
| 18:45 | Create | Villager (Male) |
| 18:50 | Build | House |
| 18:51 | Create | Villager (Male) |
| 19:01 | Build | Fish Trap |
| 19:17 | Build | Fish Trap |
| 19:18 | Create | Villager (Male) |
| 19:19 | Create | Villager (Male) |
| 19:27 | Create | Villager (Male) |
| 19:33 | Build | Watch Tower |
| 19:40 | Create | Fishing Ship |
| 19:44 | Build | Farm |
| 19:45 | Build | Farm |
| 19:49 | Build | Farm |
| 19:53 | Create | Villager (Male) |
| 19:54 | Create | Villager (Male) |
| 19:59 | Build | Farm |
| 20:01 | Build | Farm |
| 20:01 | Create | Villager (Male) |
| 20:02 | Create | Villager (Male) |
| 20:05 | Build | Farm |
| 20:08 | Create | Villager (Male) |
| 20:08 | Create | Villager (Male) |
| 20:10 | Build | Farm |
| 20:26 | Build | University |
| 20:34 | Create | Villager (Male) |
| 20:35 | Create | Villager (Male) |
| 20:42 | Build | Siege Workshop |
| 20:47 | Create | Villager (Male) |
| 20:48 | Create | Villager (Male) |
| 20:55 | Create | Villager (Male) |
| 20:56 | Create | Villager (Male) |
| 20:56 | Create | Villager (Male) |
| 21:05 | Create | Villager (Male) |
| 21:10 | Build | Fish Trap |
| 21:11 | Create | Fishing Ship |
| 21:12 | Create | Villager (Male) |
| 21:26 | Create | Fishing Ship |
| 21:28 | Build | House |
| 21:32 | Build | Monastery |
| 21:34 | Build | Farm |
| 21:37 | Create | Villager (Male) |
| 21:40 | Build | Farm |
| 21:42 | Build | Farm |
| 21:44 | Create | Villager (Male) |
| 21:44 | Create | Villager (Male) |
| 21:51 | Create | Villager (Male) |
| 21:59 | Create | Villager (Male) |
| 22:04 | Build | Fish Trap |
| 22:08 | Create | Mangonel |
Build order — Bear
First 150 of 427 actions detected
| 0:02 | Create | Villager (Male) |
| 0:04 | Research | Loom |
| 0:06 | Build | House |
| 0:07 | Build | House |
| 0:36 | Create | Villager (Male) |
| 0:37 | Create | Villager (Male) |
| 0:37 | Create | Villager (Male) |
| 0:37 | Create | Villager (Male) |
| 2:30 | Create | Villager (Male) |
| 2:30 | Create | Villager (Male) |
| 2:55 | Create | Villager (Male) |
| 2:56 | Create | Villager (Male) |
| 3:15 | Create | Villager (Male) |
| 3:19 | Build | House |
| 3:44 | Build | Palisade Wall |
| 3:58 | Build | Lumber Camp |
| 4:00 | Create | Villager (Male) |
| 4:50 | Create | Villager (Male) |
| 4:51 | Create | Villager (Male) |
| 5:16 | Create | Villager (Male) |
| 5:16 | Create | Villager (Male) |
| 5:27 | Build | House |
| 5:44 | Create | Villager (Male) |
| 5:45 | Create | Villager (Male) |
| 6:04 | Create | Villager (Male) |
| 6:04 | Create | Villager (Male) |
| 6:11 | Build | House |
| 6:40 | Create | Villager (Male) |
| 6:41 | Create | Villager (Male) |
| 6:58 | Build | Palisade Wall |
| 7:21 | Create | Villager (Male) |
| 7:21 | Create | Villager (Male) |
| 7:22 | Create | Villager (Male) |
| 7:22 | Create | Villager (Male) |
| 8:08 | Create | Villager (Male) |
| 8:37 | Create | Villager (Male) |
| 8:38 | Create | Villager (Male) |
| 8:45 | Build | Dock |
| 9:26 | Create | Fishing Ship |
| 10:01 | Build | Mill |
| 10:12 | Create | Villager (Male) |
| 10:13 | Create | Villager (Male) |
| 10:37 | Build | Mining Camp |
| 11:14 | Build | Mill |
| 11:42 | Research | Feudal Age |
| 11:43 | Research | Feudal Age |
| 11:43 | Research | Feudal Age |
| 12:36 | Build | Mining Camp |
| 12:40 | Create | Fishing Ship |
| 13:00 | Create | Villager (Male) |
| 13:01 | Create | Villager (Male) |
| 13:07 | Create | Fishing Ship |
| 13:52 | Age | Feudal Age |
| 14:06 | Build | Stone Wall |
| 14:12 | Create | Villager (Male) |
| 14:12 | Create | Villager (Male) |
| 14:16 | Create | Fishing Ship |
| 14:24 | Build | Market |
| 14:51 | Build | Blacksmith |
| 15:28 | Build | Mill |
| 15:54 | Build | Stone Wall |
| 15:57 | Build | Stone Wall |
| 16:05 | Build | House |
| 16:32 | Research | Castle Age |
| 16:32 | Research | Castle Age |
| 16:41 | Build | House |
| 16:56 | Research | Double-Bit Axe |
| 16:56 | Research | Double-Bit Axe |
| 17:20 | Build | Stone Wall |
| 17:21 | Build | Stone Wall |
| 17:25 | Build | Stone Wall |
| 17:43 | Build | Fish Trap |
| 17:58 | Create | Villager (Male) |
| 17:59 | Create | Villager (Male) |
| 17:59 | Create | Villager (Male) |
| 19:12 | Age | Castle Age |
| 19:39 | Build | Town Center |
| 19:58 | Build | Stone Wall |
| 20:10 | Create | Villager (Male) |
| 20:10 | Create | Villager (Male) |
| 20:10 | Create | Villager (Male) |
| 20:11 | Create | Villager (Male) |
| 20:27 | Build | Fish Trap |
| 21:04 | Create | Villager (Male) |
| 21:04 | Create | Villager (Male) |
| 21:22 | Build | Fish Trap |
| 21:27 | Build | Fish Trap |
| 21:41 | Create | Villager (Male) |
| 21:45 | Create | Villager (Male) |
| 21:58 | Create | Villager (Male) |
| 21:58 | Create | Villager (Male) |
| 22:11 | Build | Town Center |
| 22:24 | Build | Farm |
| 22:28 | Build | Farm |
| 22:33 | Create | Villager (Male) |
| 22:39 | Build | Farm |
| 22:41 | Build | Farm |
| 22:44 | Create | Villager (Male) |
| 22:44 | Create | Villager (Male) |
| 22:44 | Create | Villager (Male) |
| 22:56 | Create | Villager (Male) |
| 22:57 | Create | Villager (Male) |
| 23:01 | Build | Farm |
| 23:04 | Build | Farm |
| 23:06 | Create | Villager (Male) |
| 23:07 | Create | Villager (Male) |
| 23:17 | Build | House |
| 23:18 | Build | House |
| 23:19 | Build | House |
| 23:21 | Build | House |
| 23:22 | Create | Villager (Male) |
| 23:23 | Create | Villager (Male) |
| 23:26 | Build | Farm |
| 23:28 | Build | Farm |
| 23:39 | Research | Wheelbarrow |
| 23:43 | Research | Bow Saw |
| 23:44 | Research | Bow Saw |
| 23:44 | Research | Bow Saw |
| 23:47 | Create | Villager (Male) |
| 23:47 | Create | Villager (Male) |
| 23:59 | Create | Villager (Male) |
| 24:00 | Create | Villager (Male) |
| 24:16 | Build | Farm |
| 24:19 | Build | Farm |
| 24:24 | Build | Farm |
| 24:26 | Build | Farm |
| 24:27 | Build | Farm |
| 24:30 | Create | Villager (Male) |
| 24:30 | Create | Villager (Male) |
| 24:43 | Build | Farm |
| 24:43 | Build | Farm |
| 24:43 | Build | Farm |
| 24:44 | Build | Farm |
| 24:44 | Build | Farm |
| 24:44 | Build | Farm |
| 24:45 | Build | Farm |
| 25:03 | Build | Farm |
| 25:08 | Create | Villager (Male) |
| 25:11 | Create | Villager (Male) |
| 25:11 | Create | Villager (Male) |
| 25:17 | Build | House |
| 25:18 | Build | House |
| 25:23 | Build | Monastery |
| 25:26 | Create | Villager (Male) |
| 25:27 | Create | Villager (Male) |
| 25:30 | Build | Farm |
| 25:35 | Create | Villager (Male) |
| 25:35 | Create | Villager (Male) |
| 25:55 | Build | University |
| 25:58 | Create | Villager (Male) |
Build order — Exellence
First 150 of 646 actions detected
| 0:01 | Create | Villager (Male) |
| 0:02 | Create | Villager (Male) |
| 0:02 | Create | Villager (Male) |
| 0:03 | Build | House |
| 0:04 | Build | House |
| 0:05 | Create | Villager (Male) |
| 1:29 | Create | Villager (Male) |
| 1:46 | Build | Palisade Wall |
| 1:48 | Build | Palisade Wall |
| 1:49 | Build | Palisade Wall |
| 1:52 | Research | Loom |
| 1:52 | Research | Loom |
| 1:52 | Research | Loom |
| 2:04 | Create | Villager (Male) |
| 2:05 | Create | Villager (Male) |
| 2:40 | Create | Villager (Male) |
| 2:40 | Create | Villager (Male) |
| 2:40 | Create | Villager (Male) |
| 3:05 | Build | House |
| 3:10 | Create | Villager (Male) |
| 3:10 | Create | Villager (Male) |
| 3:11 | Create | Villager (Male) |
| 3:16 | Build | House |
| 3:21 | Build | House |
| 3:26 | Build | Palisade Wall |
| 3:27 | Build | Palisade Wall |
| 3:35 | Create | Villager (Male) |
| 3:35 | Create | Villager (Male) |
| 3:45 | Create | Villager (Male) |
| 3:45 | Create | Villager (Male) |
| 4:17 | Create | Villager (Male) |
| 4:17 | Create | Villager (Male) |
| 5:15 | Create | Villager (Male) |
| 5:15 | Create | Villager (Male) |
| 5:16 | Create | Villager (Male) |
| 5:33 | Build | Dock |
| 6:19 | Create | Villager (Male) |
| 6:19 | Create | Villager (Male) |
| 6:19 | Create | Villager (Male) |
| 6:41 | Create | Fishing Ship |
| 6:41 | Create | Fishing Ship |
| 6:42 | Create | Fishing Ship |
| 6:42 | Create | Fishing Ship |
| 6:46 | Create | Villager (Male) |
| 6:47 | Create | Villager (Male) |
| 6:58 | Create | Villager (Male) |
| 6:59 | Create | Villager (Male) |
| 7:32 | Build | Lumber Camp |
| 8:01 | Create | Villager (Male) |
| 8:01 | Create | Villager (Male) |
| 8:01 | Create | Villager (Male) |
| 8:10 | Create | Villager (Male) |
| 8:10 | Create | Villager (Male) |
| 8:10 | Create | Villager (Male) |
| 8:24 | Build | House |
| 8:48 | Create | Villager (Male) |
| 8:49 | Create | Villager (Male) |
| 8:49 | Create | Villager (Male) |
| 8:49 | Create | Villager (Male) |
| 9:08 | Create | Villager (Male) |
| 9:08 | Create | Villager (Male) |
| 9:08 | Create | Villager (Male) |
| 9:08 | Create | Villager (Male) |
| 9:09 | Create | Villager (Male) |
| 9:09 | Create | Villager (Male) |
| 9:14 | Create | Fishing Ship |
| 9:14 | Create | Fishing Ship |
| 9:15 | Create | Fishing Ship |
| 10:07 | Create | Fishing Ship |
| 10:22 | Build | Mining Camp |
| 10:46 | Research | Feudal Age |
| 10:46 | Research | Feudal Age |
| 10:53 | Build | Mill |
| 11:19 | Build | Mill |
| 11:55 | Create | Fishing Ship |
| 11:55 | Create | Fishing Ship |
| 12:07 | Create | Fishing Ship |
| 12:07 | Create | Fishing Ship |
| 12:07 | Create | Fishing Ship |
| 12:07 | Create | Fishing Ship |
| 12:34 | Create | Fishing Ship |
| 12:34 | Create | Fishing Ship |
| 13:06 | Age | Feudal Age |
| 13:07 | Research | Castle Age |
| 13:07 | Research | Castle Age |
| 13:07 | Research | Castle Age |
| 13:12 | Build | Mining Camp |
| 13:33 | Research | Double-Bit Axe |
| 13:45 | Build | House |
| 13:47 | Build | House |
| 14:07 | Create | Demolition Raft |
| 14:07 | Create | Demolition Raft |
| 14:30 | Create | Fishing Ship |
| 14:59 | Create | Villager (Male) |
| 14:59 | Create | Villager (Male) |
| 14:59 | Create | Villager (Male) |
| 15:00 | Create | Villager (Male) |
| 15:34 | Build | Fish Trap |
| 15:38 | Build | Fish Trap |
| 15:42 | Build | Fish Trap |
| 15:47 | Age | Castle Age |
| 15:49 | Build | Town Center |
| 16:04 | Research | Wheelbarrow |
| 16:06 | Research | Bow Saw |
| 16:11 | Build | Fish Trap |
| 16:15 | Build | Fish Trap |
| 16:23 | Build | Fish Trap |
| 16:33 | Create | Villager (Male) |
| 16:36 | Build | Fish Trap |
| 16:45 | Create | Villager (Male) |
| 16:45 | Create | Villager (Male) |
| 17:17 | Build | Stone Wall |
| 17:23 | Create | Villager (Male) |
| 17:23 | Create | Villager (Male) |
| 17:42 | Build | Town Center |
| 17:51 | Create | Villager (Male) |
| 17:52 | Create | Villager (Male) |
| 18:05 | Build | Farm |
| 18:05 | Build | Farm |
| 18:05 | Build | Farm |
| 18:06 | Build | Farm |
| 18:06 | Build | Farm |
| 18:06 | Build | Farm |
| 18:06 | Build | Farm |
| 18:06 | Build | Farm |
| 18:06 | Build | Farm |
| 18:07 | Build | Farm |
| 18:07 | Build | Farm |
| 18:07 | Build | Farm |
| 18:12 | Research | Horse Collar |
| 18:34 | Create | Villager (Male) |
| 18:45 | Build | Farm |
| 18:46 | Build | Farm |
| 18:49 | Build | Farm |
| 18:51 | Create | Villager (Male) |
| 18:53 | Build | Farm |
| 18:54 | Create | Villager (Male) |
| 19:04 | Build | Farm |
| 19:07 | Build | Farm |
| 19:14 | Build | Farm |
| 19:21 | Create | Villager (Male) |
| 19:22 | Create | Villager (Male) |
| 19:28 | Create | Villager (Male) |
| 19:28 | Create | Villager (Male) |
| 19:32 | Build | House |
| 19:46 | Build | House |
| 19:48 | Build | House |
| 19:48 | Build | House |
| 19:48 | Build | House |
| 19:48 | Build | House |
Match timeline
| 0:16 | Yasuo, the Unforgiven · wall_segment Palisade Wall x18 |
| 1:25 | RiasSei · wall_segment Palisade Wall x13 |
| 1:46 | Exellence · wall_segment Palisade Wall x1 |
| 1:48 | Exellence · wall_segment Palisade Wall x1 |
| 1:49 | Exellence · wall_segment Palisade Wall x1 |
| 2:28 | RiasSei · wall_segment Palisade Wall x1 |
| 2:55 | Yasuo, the Unforgiven · wall_segment Palisade Wall x1 |
| 3:26 | Exellence · wall_segment Palisade Wall x1 |
| 3:27 | Exellence · wall_segment Palisade Wall x1 |
| 3:28 | Yasuo, the Unforgiven · wall_segment Palisade Wall x1 |
| 3:33 | 3024770 · wall_segment Palisade Wall x6 |
| 3:44 | Bear · wall_segment Palisade Wall x8 |
| 3:47 | RiasSei · wall_segment Palisade Wall x1 |
| 4:30 | 3024770 · wall_segment Palisade Wall x8 |
| 5:09 | TdB.victor2.01 · first_building Dock |
| 5:33 | Exellence · first_building Dock |
| 5:46 | 3024770 · wall_segment Palisade Wall x8 |
| 5:48 | 3024770 · wall_segment Palisade Wall x1 |
| 5:59 | Yasuo, the Unforgiven · wall_segment Palisade Wall x1 |
| 6:33 | Puskas · wall_segment Palisade Wall x1 |
| 6:36 | Puskas · wall_segment Palisade Wall x1 |
| 6:38 | Puskas · wall_segment Palisade Wall x1 |
| 6:40 | Puskas · wall_segment Palisade Wall x1 |
| 6:44 | 3024770 · wall_segment Palisade Wall x1 |
| 6:45 | 3024770 · wall_segment Palisade Wall x1 |
| 6:46 | 3024770 · wall_segment Palisade Wall x1 |
| 6:49 | Bizzy · first_building Barracks |
| 6:52 | 3024770 · wall_segment Palisade Wall x1 |
| 6:53 | 3024770 · wall_segment Palisade Wall x1 |
| 6:56 | 3024770 · wall_segment Palisade Wall x1 |
| 6:58 | Bear · wall_segment Palisade Wall x4 |
| 7:15 | Bizzy · wall_segment Palisade Wall x1 |
| 7:45 | 3024770 · wall_segment Palisade Wall x1 |
| 7:58 | Yasuo, the Unforgiven · first_building Dock |
| 8:03 | 3024770 · wall_segment Palisade Wall x10 |
| 8:12 | Puskas · wall_segment Palisade Wall x1 |
| 8:26 | 3024770 · first_building Dock |
| 8:43 | Puskas · wall_segment Palisade Wall x1 |
| 8:45 | Bear · first_building Dock |
| 9:36 | RiasSei · first_building Dock |
| 9:52 | RiasSei · age_up feudal |
| 9:55 | RiasSei · wall_segment Stone Wall x2 |
| 9:57 | RiasSei · wall_segment Stone Wall x9 |
| 9:57 | Puskas · first_building Barracks |
| 10:06 | Puskas · age_up feudal |
| 10:45 | Bizzy · first_building Dock |
| 10:48 | Puskas · first_building Stable |
| 10:50 | Bizzy · age_up feudal |
| 11:35 | RiasSei · wall_segment Stone Wall x8 |
| 11:38 | Yasuo, the Unforgiven · age_up feudal |
| 12:09 | TdB.victor2.01 · age_up feudal |
| 12:19 | Yasuo, the Unforgiven · wall_segment Stone Wall x11 |
| 12:37 | 3024770 · age_up feudal |
| 12:47 | 3024770 · wall_segment Stone Wall x1 |
| 12:50 | 3024770 · wall_segment Stone Wall x11 |
| 13:06 | Exellence · age_up feudal |
| 13:52 | Bear · age_up feudal |
| 14:06 | Bear · wall_segment Stone Wall x8 |
| 14:30 | RiasSei · wall_segment Stone Wall x6 |
| 14:34 | RiasSei · wall_segment Stone Wall x1 |
| 15:16 | Puskas · age_up castle |
| 15:23 | Puskas · first_building Monastery |
| 15:31 | TdB.victor2.01 · age_up castle |
| 15:47 | Exellence · age_up castle |
| 15:54 | Bear · wall_segment Stone Wall x1 |
| 15:57 | Bear · wall_segment Stone Wall x9 |
| 16:08 | 3024770 · age_up castle |
| 16:12 | Bear · first_market_sell 100 stone |
| 16:14 | Bear · first_market_buy 100 food |
| 16:57 | RiasSei · wall_segment Stone Wall x9 |
| 17:03 | RiasSei · wall_segment Stone Wall x2 |
| 17:17 | Exellence · wall_segment Stone Wall x10 |
| 17:20 | Bear · wall_segment Stone Wall x1 |
| 17:21 | Bear · wall_segment Stone Wall x1 |
| 17:25 | Bear · wall_segment Stone Wall x9 |
| 17:45 | RiasSei · age_up castle |
| 17:58 | Yasuo, the Unforgiven · age_up castle |
| 18:24 | 3024770 · first_building Monastery |
| 19:02 | 3024770 · first_market_buy 500 food |
| 19:12 | Bear · age_up castle |
| 19:51 | Exellence · wall_segment Palisade Wall x1 |
| 19:51 | Exellence · wall_segment Palisade Wall x1 |
| 19:52 | Yasuo, the Unforgiven · first_building Siege Workshop |
| 19:53 | RiasSei · first_market_buy 100 food |
| 19:58 | Bear · wall_segment Stone Wall x6 |
| 20:42 | RiasSei · first_building Siege Workshop |
| 21:03 | 3024770 · first_market_sell 500 wood |
| 21:09 | TdB.victor2.01 · first_building Monastery |
| 21:29 | Exellence · wall_segment Palisade Wall x1 |
| 21:32 | RiasSei · first_building Monastery |
| 21:46 | Exellence · wall_segment Stone Wall x7 |
| 21:58 | Bizzy · wall_segment Stone Wall x7 |
| 22:05 | RiasSei · first_market_sell 100 wood |
| 22:48 | TdB.victor2.01 · first_market_sell 500 wood |
| 22:49 | TdB.victor2.01 · first_market_buy 100 stone |
| 23:05 | Bizzy · wall_segment Stone Wall x1 |
| 23:18 | Bizzy · wall_segment Stone Wall x2 |
| 23:40 | Exellence · wall_segment Stone Wall x9 |
| 23:40 | Bizzy · wall_segment Stone Wall x1 |
| 23:44 | Yasuo, the Unforgiven · first_building Castle |
| 23:47 | Exellence · wall_segment Stone Wall x10 |
| 23:50 | Bizzy · first_market_buy 100 food |
| 24:48 | Puskas · first_building Siege Workshop |
| 25:23 | Bear · first_building Monastery |
| 25:42 | 3024770 · first_building Siege Workshop |
| 25:54 | Puskas · first_building Castle |
| 26:04 | Bizzy · wall_segment Palisade Wall x6 |
| 26:06 | Yasuo, the Unforgiven · first_building Barracks |
| 26:24 | 3024770 · first_building Castle |
| 26:32 | Bizzy · age_up castle |
| 26:48 | Bizzy · first_building Castle |
| 27:01 | Yasuo, the Unforgiven · first_building Archery Range |
| 27:06 | Exellence · first_building Siege Workshop |
| 27:34 | 3024770 · first_building Barracks |
| 28:00 | Puskas · age_up imperial |
| 28:09 | Bear · first_building Barracks |
| 28:13 | Puskas · first_building Archery Range |
| 28:16 | RiasSei · first_building Castle |
| 28:19 | Exellence · first_building Barracks |
| 28:20 | Bizzy · first_market_sell 100 stone |
| 28:34 | Exellence · first_building Castle |
| 28:35 | Bear · first_building Castle |
| 28:44 | 3024770 · age_up imperial |
| 28:59 | Bear · first_building Stable |
| 29:10 | TdB.victor2.01 · first_building Castle |
| 29:14 | Exellence · age_up imperial |
| 29:32 | TdB.victor2.01 · first_building Barracks |
| 30:25 | Puskas · first_market_buy 100 wood |
| 30:39 | TdB.victor2.01 · age_up imperial |
| 30:40 | TdB.victor2.01 · first_building Stable |
| 30:43 | RiasSei · age_up imperial |
| 31:23 | Yasuo, the Unforgiven · age_up imperial |
| 31:27 | Exellence · first_building Stable |
| 31:46 | Bizzy · age_up imperial |
| 32:25 | Bizzy · first_building Stable |
| 33:38 | Bear · age_up imperial |
| 33:59 | Yasuo, the Unforgiven · wall_segment Stone Wall x10 |
| 35:22 | Yasuo, the Unforgiven · wall_segment Stone Wall x9 |
| 35:37 | Exellence · tribute_sent a jugador 1 |
| 35:37 | Exellence · tribute_sent a jugador 2 |
| 35:37 | Exellence · tribute_sent a jugador 3 |
| 35:37 | Exellence · tribute_sent a jugador 4 |
| 35:37 | Exellence · tribute_sent a jugador 5 |
| 35:37 | Exellence · tribute_sent a jugador 6 |
| 35:37 | Exellence · tribute_sent a jugador 8 |
| 35:42 | RiasSei · wall_segment Stone Wall x2 |
| 38:21 | RiasSei · wall_segment Stone Wall x1 |
| 38:23 | RiasSei · wall_segment Stone Wall x1 |
| 40:12 | Exellence · tribute_sent a jugador 1 |
| 40:12 | Exellence · tribute_sent a jugador 2 |
| 40:12 | Exellence · tribute_sent a jugador 3 |
| 40:12 | Exellence · tribute_sent a jugador 4 |
| 40:12 | Exellence · tribute_sent a jugador 5 |
| 40:12 | Exellence · tribute_sent a jugador 6 |
| 40:12 | Exellence · tribute_sent a jugador 8 |
| 40:53 | Bizzy · first_building Siege Workshop |
| 43:13 | Puskas · first_market_sell 100 stone |
| 43:16 | Exellence · first_market_sell 500 stone |
| 43:53 | Bear · tribute_sent a jugador 1 |
| 43:53 | Bear · tribute_sent a jugador 2 |
| 43:53 | Bear · tribute_sent a jugador 3 |
| 43:53 | Bear · tribute_sent a jugador 4 |
| 43:53 | Bear · tribute_sent a jugador 5 |
| 43:53 | Bear · tribute_sent a jugador 7 |
| 43:53 | Bear · tribute_sent a jugador 8 |
| 45:59 | Yasuo, the Unforgiven · first_market_sell 500 food |
| 49:01 | RiasSei · tribute_sent a jugador 1 |
| 49:01 | RiasSei · tribute_sent a jugador 2 |
| 49:01 | RiasSei · tribute_sent a jugador 3 |
| 49:01 | RiasSei · tribute_sent a jugador 4 |
| 49:01 | RiasSei · tribute_sent a jugador 6 |
| 49:01 | RiasSei · tribute_sent a jugador 7 |
| 49:01 | RiasSei · tribute_sent a jugador 8 |
| 49:32 | RiasSei · tribute_sent a jugador 1 |
| 49:32 | RiasSei · tribute_sent a jugador 2 |
| 49:32 | RiasSei · tribute_sent a jugador 3 |
| 49:32 | RiasSei · tribute_sent a jugador 4 |
| 49:32 | RiasSei · tribute_sent a jugador 6 |
| 49:32 | RiasSei · tribute_sent a jugador 7 |
| 49:32 | RiasSei · tribute_sent a jugador 8 |
| 50:58 | TdB.victor2.01 · wall_segment Stone Wall x9 |
| 52:25 | Puskas · wall_segment Stone Wall x1 |
| 52:26 | Puskas · wall_segment Stone Wall x1 |
| 52:34 | Bizzy · resign |
| 52:41 | Bear · first_building Siege Workshop |
| 54:13 | RiasSei · tribute_sent a jugador 1 |
| 54:13 | RiasSei · tribute_sent a jugador 2 |
| 54:13 | RiasSei · tribute_sent a jugador 3 |
| 54:13 | RiasSei · tribute_sent a jugador 4 |
| 54:13 | RiasSei · tribute_sent a jugador 6 |
| 54:13 | RiasSei · tribute_sent a jugador 7 |
| 54:13 | RiasSei · tribute_sent a jugador 8 |
| 55:25 | RiasSei · tribute_sent a jugador 1 |
| 55:25 | RiasSei · tribute_sent a jugador 2 |
| 55:25 | RiasSei · tribute_sent a jugador 3 |
| 55:25 | RiasSei · tribute_sent a jugador 4 |
| 55:25 | RiasSei · tribute_sent a jugador 6 |
| 55:25 | RiasSei · tribute_sent a jugador 7 |
| 55:25 | RiasSei · tribute_sent a jugador 8 |
| 55:38 | RiasSei · tribute_sent a jugador 1 |
| 55:38 | RiasSei · tribute_sent a jugador 2 |
| 55:38 | RiasSei · tribute_sent a jugador 3 |
| 55:38 | RiasSei · tribute_sent a jugador 4 |
| 55:38 | RiasSei · tribute_sent a jugador 6 |
| 55:38 | RiasSei · tribute_sent a jugador 7 |
| 55:38 | RiasSei · tribute_sent a jugador 8 |
| 55:38 | TdB.victor2.01 · tribute_sent a jugador 1 |
| 55:38 | TdB.victor2.01 · tribute_sent a jugador 2 |
| 55:38 | TdB.victor2.01 · tribute_sent a jugador 4 |
| 55:38 | TdB.victor2.01 · tribute_sent a jugador 5 |
| 55:38 | TdB.victor2.01 · tribute_sent a jugador 6 |
| 55:38 | TdB.victor2.01 · tribute_sent a jugador 7 |
| 55:38 | TdB.victor2.01 · tribute_sent a jugador 8 |
[ AI ANALYSIS · 1 CREDIT ]
What really happened in this match?
Wolo.gg analyzes every decision: build order, eco, micro, common mistakes by bracket. Personalized analysis on WhatsApp or Discord in 30 seconds.
Civ guide
Burmese
Perfil
Jugador #5437349